 Dungeon Crawl Stone Soup version 0.31.0-11-ge490571c62 (webtiles) character file.

Game seed: 18260347242285156018

141 sanka the Ruffian (level 5, -3/53 HPs)
             Began as a Troll Monk on Jan 27, 2024.
             Slain by a gnoll
             ... wielding a +0 halberd
             ... led by a gnoll bouda
              (7 damage)
             ... on level 4 of the Dungeon.
             The game lasted 00:02:02 (2538 turns).

sanka the Ruffian (Troll Monk)                      Turns: 2538, Time: 00:02:03

Health: -3/53      AC:  4    Str: 19    XL:     5   Next: 3%
Magic:  4/4        EV: 10    Int:  6    God:
Gold:   183        SH:  0    Dex: 14    Spells: 4/4 levels left

rFire   . .          .
                       - Unarmed
rCold   . . .        c - orb {light}
rNeg    . . .        a - +0 robe
rPois   .            (helmet restricted)
rElec   .            (no cloak)
rCorr   .            (gloves unavailable)
SInv    .            (boots unavailable)
Will    .....        (no amulet)
Stlth   +            (no ring)
HPRegen 1.08/turn    (no ring)
MPRegen 0.09/turn

%: no passive effects
@: glowing
A: large, unfitting armour, claws 3, regeneration 1, shaggy fur 1, tough skin 1
a: no special abilities


You were on level 4 of the Dungeon.
You visited 1 branch of the dungeon, and saw 4 of its levels.

You collected 183 gold pieces.


Innate Abilities, Weirdness & Mutations

You are too large for most types of armour.
You have claws for hands.
Your natural rate of healing is unusually fast.
You are covered in fur. (AC +1)
You have tough skin. (AC +1)


   Skills:
 - Level 3.0 Fighting
 - Level 2.4 Dodging
 + Level 5.3 Unarmed Combat


You had 4 spell levels left.
You didn't know any spells.
Your spell library contained the following spells:

 Spells                   Type           Power      Damage    Failure   Level
 Slow                     Hex            0%         N/A       45%         1
 Cigotuvi's Dreadful Rot  Necr/Alch/Air  0%         N/A       58%         2
 Confusing Touch          Hex            0%         N/A       83%         3
 Dazzling Flash           Conj/Hex       0%         N/A       83%         3
 Sigil of Binding         Hex            0%         N/A       83%         3
 Vampiric Draining        Necr           0%         2d6       83%         3
 Volatile Blastmotes      Fire/Tloc      0%         2d10      83%         3
 Dispel Undead            Necr           0%         3d6       99%         4
 Martyr's Knell           Necr/Summ      0%         N/A       99%         4
 Death Channel            Necr           0%         N/A       100%        6
 Starburst                Conj/Fire      0%         6d3       100%        6
 Maxwell's Capacitive Co  Air            0%         ∞         100%        8

Inventory:

Armour
 a - a +0 robe (worn)
 c - an orb of light (worn)
Jewellery
 p - a ring of fire
Talismans
 f - a maw talisman
Scrolls
 e - 2 scrolls of brand weapon {unknown}
 g - 2 scrolls of identify {unknown}
 h - 2 scrolls of revelation {unknown}
 i - 2 scrolls of teleportation {unknown}
 j - a scroll of immolation {unknown}
 k - a scroll of poison {unknown}
 l - 2 scrolls of fog {unknown}
 m - a scroll of silence {unknown}
 o - a scroll of enchant weapon {unknown}
 q - a scroll of blinking {unknown}
Potions
 b - 2 potions of ambrosia
 d - 4 potions of resistance {unknown}
 n - 2 potions of mutation {unknown}
 r - a potion of curing {unknown}
 s - a potion of might {unknown}

Dungeon Overview and Level Annotations

Branches:
Dungeon (4/15)
 Temple: D:4-7

Altars:
Vehumet

▒ .. ▒▒▒▒...
.......
▒▒▒▒g.....▒
▒▒)T)gg...▒
▒..▒.▒▒▒....
▒▒.▒▒.▒ ▒
▒..▒▒.▒
▒▒.▒▒▒.▒
▒▒▒▒..▒▒▒>▒
▒▒.........▒
▒▒▒..▒▒.▒▒▒▒▒▒
▒...▒▒▒.▒


You could see 3 gnolls.


Message History

You kill the gnoll!
The gnoll barely misses you. The gnoll closely misses you.
You scratch the gnoll.
The gnoll is lightly wounded.
The gnoll closely misses you. The gnoll hits you with a +0 club.
* * * LOW HITPOINT WARNING * * *
Unknown command.
You scratch the gnoll.
The gnoll is heavily wounded.
The gnoll hits you from afar with a +0 halberd!
* * * LOW HITPOINT WARNING * * *
The gnoll hits you but does no damage. The gnoll barely misses you.
You barely miss the gnoll.
The gnoll is heavily wounded.
The gnoll hits you from afar with a +0 halberd!
* * * LOW HITPOINT WARNING * * *
The gnoll hits you but does no damage. The gnoll barely misses you.
You claw the gnoll!
You kill the gnoll!
The gnoll hits you from afar with a +0 halberd.
* * * LOW HITPOINT WARNING * * *
The gnoll closely misses you.
You have reached level 5!
Unknown command.
The gnoll hits you from afar with a +0 halberd!
You die...

Action                     |  1- 3 |  4- 6 || total
---------------------------+-------+-------++-------
  Melee: Unarmed           |    77 |    33 ||   110
 Armour: Robe              |    39 |    33 ||    72
  Dodge: Dodged            |    30 |    32 ||    62

Levels and vault maps discovered:
D:1:      eino_arrival_water_cross, layout_basic, serial_bayou_lagoon_a
D:2:      layout_loops_corners
D:3:      layout_basic, mainiacjoe_overflow_small_starburst,
          small_statue_intersection, uniq_terence
D:4:      layout_rooms, grunt_ministairs_1

Notes
Turn   | Place    | Note
-------+----------+-------------------------------------------
     0 | D:1      | sanka the Troll Monk began the quest for the Orb.
     0 | D:1      | Reached XP level 1. HP: 22/22 MP: 0/0
   167 | D:1      | Reached XP level 2. HP: 29/29 MP: 1/1
   703 | D:2      | Reached skill level 3 in Fighting
   714 | D:2      | Reached XP level 3. HP: 37/37 MP: 2/2
  1587 | D:3      | Reached skill level 4 in Unarmed Combat
  1677 | D:3      | Found a radiant altar of Vehumet.
  1696 | D:3      | Noticed Terence
  1703 | D:3      | Killed Terence
  1704 | D:3      | Reached XP level 4. HP: 35/45 MP: 3/3
  2397 | D:3      | Reached skill level 5 in Unarmed Combat
  2537 | D:4      | HP: 2/45 [gnoll/+0 halberd[a gnoll bouda] (4)]
  2538 | D:4      | Reached XP level 5. HP: 3/53 MP: 4/4
  2538 | D:4      | Slain by a gnoll

Vanquished Creatures
  A gnoll bouda (D:3)
  Terence (D:3)
  2 adders
  2 gnolls (D:4)
  A dart slug (D:3)
  An orc (D:3)
  6 endoplasms
  A goblin (D:2)
  7 hobgoblins
  3 jackals (D:2)
  2 kobolds (D:3)
  2 quokkas
  4 ball pythons
  5 bats
  5 frilled lizards
  A rat (D:1)
44 creatures vanquished.
